 Dungeon Crawl Stone Soup version 0.30-a0-377-g5cb311bc9f (webtiles) character file.

Game seed: 14958390455169030894

8 flotson the Sneak (level 2, -2/24 HPs)
             Began as a Demonspawn Delver on Nov 27, 2022.
             Slain by an orc
             ... wielding a +0 flail
              (7 damage)
             ... on level 3 of the Dungeon.
             The game lasted 00:01:01 (139 turns).

flotson the Sneak (Demonspawn Delver)                Turns: 139, Time: 00:01:02

Health: -2/24      AC:  7    Str: 12    XL:     2   Next: 0%
Magic:  2/2        EV: 10    Int: 11    God:
Gold:   7          SH:  0    Dex: 14    Spells: 1/1 levels left

rFire   . . .      SeeInvis .    a - +0 spear
rCold   . . .      Faith    .    (no shield)
rNeg    . . .      Spirit   .    h - +0 ring mail
rPois   .          Reflect  .    (no helmet)
rElec   .          Harm     .    (no cloak)
rCorr   .          Rampage  .    (no gloves)
Will    .....                    (no boots)
Stlth   ++........               (no amulet)
HPRegen 0.24/turn                (no ring)
MPRegen 0.08/turn                (no ring)

@: no status effects
A: slimy green scales 1
a: no special abilities


You were on level 3 of the Dungeon.
You visited 1 branch of the dungeon, and saw 3 of its levels.

You collected 7 gold pieces.

Inventory:

Hand Weapons
 a - a +0 spear (weapon)
Armour
 h - a +0 ring mail (worn)
Wands
 g - a wand of digging (3)
Scrolls
 c - a scroll of fog
 d - a scroll of magic mapping
 e - 2 scrolls of fear
Potions
 f - a potion of haste


   Skills:
 + Level 3.1 Fighting
 - Level 1.7 Polearms
 + Level 0.4 Armour
 + Level 2.0 Dodging
 - Level 4.5 Stealth
 + Level 0.6 Evocations


You had one spell level left.
You didn't know any spells.
Your spell library contained the following spells:

 Spells                   Type           Power      Damage    Failure   Level
 Ensorcelled Hibernation  Hex/Ice        0%         N/A       77%         2
 Passwall                 Tmut/Erth      0%         N/A       77%         2
 Swiftness                Air            0%         N/A       94%         3


Dungeon Overview and Level Annotations

Branches:
Dungeon (5/15)
 Temple: D:4-7

Altars:

Shops:
D:4 (


Innate Abilities, Weirdness & Mutations

You are partially covered in slimy green scales. (AC +2)


Message History

Found an escape hatch in the ceiling.
There is a stone staircase leading down here.
There are monsters nearby!
An orc comes into view. It is wielding a +0 flail.
The orc shouts!
You hear a shout!
An orc wizard comes into view. It is wielding a +0 dagger.
You closely miss the orc. The orc hits you with a +0 club.
You hit the orc.
The orc is heavily wounded.
The orc hits you but does no damage.
You hit the orc.
The orc is severely wounded.
The orc closely misses you. The orc completely misses you.
You barely miss the orc.
The orc is severely wounded.
The orc hits you with a +0 club. The orc misses you.
You barely miss the orc.
The orc is severely wounded.
The orc hits you with a +0 hand axe. The orc hits you but does no damage.
You barely miss the orc.
The orc is severely wounded.
The orc barely misses you. The orc hits you but does no damage.
You closely miss the orc.
The orc is severely wounded.
The orc completely misses you.
The orc wizard hits you with a +0 dagger.
The orc closely misses you. The orc hits you with a +0 hand axe.
The orc closely misses you.
You hit the orc.
The orc is almost dead.
The orc hits you with a +0 hand axe. The orc hits you with a +0 flail.
The orc wizard points at you and mumbles some strange words.
The magic dart hits you.
* * * LOW HITPOINT WARNING * * *
The orc closely misses you. The orc barely misses you.
You hit the orc.
You kill the orc!
The orc closely misses you. The orc wizard barely misses you.
The orc hits you but does no damage. The orc hits you with a +0 flail!
You die...

#..# #..#
###..## .....# #
#....###.#
.#####........##
........o)......
........@o.....#
.......>oo##...#
..........# #
..#....##.#
#.... ... ......
.##. ###..#. .#
.. ...#. .# .
......


You could see an orc wizard and 3 orcs.

Vanquished Creatures
  2 dart slugs (D:5)
  An orc (D:3)
  A hobgoblin (D:4)
  A kobold (D:4)
5 creatures vanquished.

Notes
Turn   | Place    | Note
-------+----------+-------------------------------------------
     0 | D:5      | flotson the Demonspawn Delver began the quest for the Orb.
     0 | D:5      | Reached XP level 1. HP: 18/18 MP: 1/1
    59 | D:4      | Found Nileilleet's Antique Weapon Shop.
    71 | D:4      | Gained mutation: You are partially covered in slimy green
                  | scales. (AC +2) [demonic ancestry]
    71 | D:4      | Reached XP level 2. HP: 24/24 MP: 2/2
   139 | D:3      | Slain by an orc

Illustrated notes

Levels and vault maps discovered:
D:3:      layout_basic, shapermc_ecumenical_altar_mp_highgroup
D:4:      layout_basic, lemuel_coloured_pillars_altar, serial_shops,
          nicolae_shop_competitors_out_of_business
D:5:      kennysheep_slugbush, layout_basic, serial_shops,
          nicolae_take_the_stairs

Skill      XL: |  1 |
---------------+----+-----
Dodging        | 2 |  2.0
Fighting       | |  3.1
Polearms       | |  1.7
Armour         | |  0.4
Stealth        | |  4.5
Evocations     | |  0.6

Action                   || total
-------------------------++-------
Melee: Spear             ||    28
 Stab: Sleeping          ||     1
Armor: Ring mail         ||     5
       Leather armour    ||     1
Dodge: Dodged            ||    18

Table legend: (Time is in decaauts)
 A = Elapsed time spent in this place.
 B = Non-inter-level travel time spent in this place.
 C = Inter-level travel time spent in this place.
 D = Time resting spent in this place.
 E = Time spent auto-exploring this place.
 F = Levels seen in this place.
 G = Mean time per level.
                   A        B        C        D        E       F      G
               +--------+--------+--------+--------+--------+-----+--------+
         Total |    140 |    114 |     26 |      0 |     42 |   3 |   46.7 |
       Dungeon |    140 |    114 |     26 |      0 |     42 |   3 |   46.7 |
               +--------+--------+--------+--------+--------+-----+--------+

Top non-repeatable levels by time:
     D:4: 84 daAuts
     D:5: 45 daAuts
     D:3: 9 daAuts
